 Dungeon Crawl Stone Soup version 0.31-a0-83-gbff143cfd1 (webtiles) character file.

Game seed: 11780711281304999823

2562 Chodeload the Chiller (level 9, -1/61 HPs)
             Began as an Octopode Wanderer on May 24, 2023.
             Was an Initiate of Cheibriados.
             Slain by a centaur (4 damage)
             ... on level 8 of the Dungeon.
             The game lasted 00:24:07 (5240 turns).

Chodeload the Chiller (Octopode Wanderer)           Turns: 5240, Time: 00:24:07

Health: -1/61      AC:  1    Str: 11    XL:     9   Next: 56%
Magic:  13/13      EV: 11    Int: 30    God:    Cheibriados [......]
Gold:   501        SH:  6    Dex: 24    Spells: 9/14 levels left

rFire   x . .        a - +11 spear "Guziann" {flame, rElec rC- Int+9}
rCold   . . .        G - +0 buckler
rNeg    . . .        (helmet restricted)
rPois   +            v - amulet of regeneration
rElec   +            h - ring of poison resistance
rCorr   .            y - ring of willpower
SInv    .            u - +6 ring of dexterity
Will    +....        F - +6 ring of intelligence
Stlth   ++++         J - ring of ice
HPRegen 1.10/turn    (no ring)
MPRegen 0.13/turn    (no ring)
                     (no ring)

%: no passive effects
@: very slow
A: almost no armour, amphibious, 8 rings, camouflage 1, gelatinous body 1,
(nimble swimmer 1), tentacles
a: Renounce Religion


You were on level 8 of the Dungeon.
You worshipped Cheibriados.
Cheibriados was noncommittal.
You visited 2 branches of the dungeon, and saw 10 of its levels.

You collected 501 gold pieces.

Inventory:

Hand Weapons
 a - the +11 spear "Guziann" (weapon) {flame, rElec rC- Int+9}
   (You found it on level 8 of the Dungeon)

   Int:       It affects your intelligence (+9).
   rC:        It makes you vulnerable to cold.
   rElec:     It insulates you from electricity.
 b - a +1 dagger of venom
Missiles
 c - a throwing net
 j - 3 javelins
 q - 5 poisoned darts (quivered)
Armour
 G - a +0 buckler (worn)
Magical Staves
 s - a staff of air
 t - a staff of cold
Jewellery
 h - a ring of poison resistance (left tentacle)
 u - a +6 ring of dexterity (on tentacle)
 v - an amulet of regeneration (around mantle)
 y - a ring of willpower (right tentacle)
 F - a +6 ring of intelligence (on tentacle)
 J - a ring of ice (on tentacle)
Wands
 m - a wand of roots (8)
 B - a wand of charming (15)
 H - a wand of flame (28)
 K - a wand of polymorph (8)
Scrolls
 e - 3 scrolls of blinking
 g - 3 scrolls of teleportation
 p - 2 scrolls of immolation {unknown}
 x - a scroll of vulnerability {unknown}
 z - a scroll of enchant armour {unknown}
 A - 4 scrolls of butterflies {unknown}
 D - a scroll of enchant weapon {unknown}
 E - a scroll of poison {unknown}
 I - 2 scrolls of noise {unknown}
Potions
 d - a potion of berserk rage
 f - a potion of cancellation {unknown}
 i - a potion of degeneration {unknown}
 k - 3 potions of curing
 l - a potion of brilliance {unknown}
 n - 2 potions of might
 o - 2 potions of magic {unknown}
 r - a potion of invisibility {unknown}
 w - 3 potions of heal wounds
 C - 2 potions of enlightenment {unknown}


   Skills:
 - Level 5.1 Fighting
 - Level 3.0(4.0) Maces & Flails
 - Level 4.0(4.4) Staves
 - Level 5.0 Stealth
 - Level 4.1 Shields
 + Level 5.1 Unarmed Combat
 - Level 3.0 Spellcasting
 - Level 7.0 Ice Magic
 + Level 3.7 Invocations
 - Level 1.1 Evocations


You had 9 spell levels left.
You knew the following spells:

 Your Spells              Type           Power      Damage    Failure   Level
a - Ozocubu's Armour      Ice            63%        N/A       1%          3
b - Blink                 Tloc           8%         N/A       16%         2

Your spell library contained the following spells:

 Spells                   Type           Power      Damage    Failure   Level
 Ensorcelled Hibernation  Hex/Ice        68%        N/A       4%          2
 Magic Dart               Conj           16%        1d3       10%         1
 Slow                     Hex            16%        N/A       10%         1
 Summon Small Mammal      Summ           16%        N/A       10%         1
 Searing Ray              Conj           8%         2d4       16%         2
 Cigotuvi's Dreadful Rot  Necr/Pois/Air  2%         N/A       19%         2
 Call Canine Familiar     Summ           4%         N/A       30%         3
 Confusing Touch          Hex            4%         N/A       30%         3
 Gell's Gravitas          Tloc           4%         N/A       30%         3
 Teleport Other           Tloc           4%         N/A       30%         3
 Vampiric Draining        Necr           4%         2d6       30%         3
 Spider Form              Tmut/Pois      2%         N/A       34%         3
 Summon Guardian Golem    Hex/Summ       2%         N/A       34%         3
 Ignite Poison            Fire/Tmut/Pois 1%         N/A       36%         3
 Metabolic Englaciation   Hex/Ice        17%        N/A       61%         5
 Manifold Assault         Tloc           4%         N/A       69%         4
 Anguish                  Hex/Necr       1%         N/A       75%         4
 Fulminant Prism          Conj/Hex       1%         3d5       75%         4
 Freezing Cloud           Conj/Ice/Air   11%        6-21      80%         5
 Simulacrum               Ice/Necr       17%        N/A       99%         6
 Dispersal                Tloc           2%         N/A       100%        6
 Storm Form               Tmut/Air       1%         N/A       100%        7


Dungeon Overview and Level Annotations

Branches:
Dungeon (9/15)             Temple (1/1) D:6            Lair (0/5) D:8
    Orc: D:9-12

Altars:
Ashenzari
Cheibriados
Dithmenos
Elyvilon
Fedhas
Gozag
Hepliaklqana
Kikubaaqudgha
Makhleb
Nemelex Xobeh
Qazlal
Sif Muna
Trog
Uskayaw
Vehumet
Wu Jian
Xom
Yredelemnul
Zin
The Shining One

Shops:
D:5 =   D:8 *

Annotations:
D:4 3 runed translucent doors, exclusion: 4 doors, Dowan; Duvessa; diodin's ghost, novice NaIE; pigah's ghost, novice OpAE; porpoise's ghost, novice HOFi; thug444's ghost, amateur DrAE
D:8 exclusion: hornet


Innate Abilities, Weirdness & Mutations

You cannot wear most types of armour.
You are amphibious.
You can wear up to eight rings at the same time.
Your skin changes colour to match your surroundings (Stealth+).
Your rubbery body absorbs attacks. (AC +1, EV +1)
((You are camouflaged when in or above water. (Stealth+)))
You have tentacles for arms and can constrict up to eight enemies at once.


Message History

The centaur barely misses you.
The acid dragon roars!
You puncture the centaur! You burn the centaur. You squeeze the centaur.
The centaur is heavily wounded.
The centaur closely misses you. The centaur kicks you.
You block the centaur's attack. x2; The centaur hits you.
The centaur closely misses you.
You hit the centaur. You burn the centaur. Your squeeze misses the centaur.
The centaur is almost dead.
The centaur hits you. The centaur closely misses you. The centaur hits you.
The centaur barely misses you. You block the centaur's attack.
The centaur kicks you but does no damage.
You are too injured to fight recklessly!
You barely miss the centaur.
The centaur is almost dead.
You block the centaur's attack. The centaur kicks you.
The centaur barely misses you. The centaur kicks you.
The centaur barely misses you. The centaur kicks you.
You hit the acid dragon. You burn the acid dragon. You squeeze the acid dragon.
The acid dragon is heavily wounded.
You block the centaur's attack. The centaur kicks you. The centaur hits you.
The centaur barely misses you. The acid dragon bites you!
* * * LOW HITPOINT WARNING * * *
You block the acid dragon's attack. You block the centaur's attack.
The centaur kicks you.
* * * LOW HITPOINT WARNING * * *
You closely miss the acid dragon. You squeeze the acid dragon!
The acid dragon is severely wounded.
The centaur hits you.
* * * LOW HITPOINT WARNING * * *
The centaur kicks you.
* * * LOW HITPOINT WARNING * * *
The centaur barely misses you. The centaur kicks you.
* * * LOW HITPOINT WARNING * * *
The centaur barely misses you. The centaur kicks you.
* * * LOW HITPOINT WARNING * * *
The acid dragon closely misses you. The acid dragon claws you.
* * * LOW HITPOINT WARNING * * *
The centaur attacks as you move away! The centaur hits you.
You die...

#.# #....#
#.# ....#
####.# #.#
##### #.#
#.# #.# #.#
# #.# #.#
#.#####.#
#.# #
..#.....#.#
#.# #
.$....ccD.#
#.# # #@###
#.# # #.#
##### #.###
#.# #...#
#....
#.#####.#
#.#.# ####.
#.#.....#
#.#.# #.
#.#.#####
#.#.# #.
#.#.# #†#.#
#. # #.#.#
#.#.## #> #
#.#.#
#....## #.


You could see an acid dragon and 2 centaurs.

Vanquished Creatures
  A troll (D:8)
  A steam dragon (D:8)
  A water moccasin (D:7)
  A sky beast (D:8)
  A centaur (D:7)
  5 phantoms
  4 bullfrogs
  9 scorpions
  6 killer bees (D:7)
  3 orc priests
  A hound (D:5)
  A gnoll bouda (D:8)
  A jelly (D:4)
  5 orc wizards
  2 iguanas (D:5)
  4 adders
  3 gnolls (D:8)
  A shadow imp (D:5)
  A white imp (D:6)
  An ufetubus (D:5)
  2 dart slugs
  11 orcs
  4 endoplasms
  6 giant cockroaches
  6 hobgoblins
  2 jackals (D:1)
  5 kobolds
  2 quokkas (D:1)
  5 ball pythons
  9 bats
  8 frilled lizards
  9 goblins
  3 rats
124 creatures vanquished.

Notes
Turn   | Place    | Note
-------+----------+-------------------------------------------
     0 | D:1      | Chodeload the Octopode Wanderer began the quest for the
                  | Orb.
     0 | D:1      | Chodeload set off with the following items: a +2 mace, a +0
                  | quarterstaff, a +0 buckler, a potion of berserk rage.
     0 | D:1      | Reached XP level 1. HP: 11/11 MP: 1/1
    36 | D:1      | Reached skill level 1 in Stealth
    38 | D:1      | Reached XP level 2. HP: 9/18 MP: 2/2
   187 | D:1      | Reached skill level 1 in Fighting
   296 | D:2      | Reached XP level 3. HP: 23/23 MP: 3/3
   898 | D:3      | Reached XP level 4. HP: 29/29 MP: 4/4
   930 | D:3      | Learned a level 3 spell: Ozocubu's Armour
  1049 | D:3      | Found a sparkling altar of Nemelex Xobeh.
  1166 | D:3      | Found an ornate altar of the Wu Jian Council.
  1307 | D:3      | Noticed a scorpion
  1328 | D:3      | Found a white marble altar of Elyvilon.
  1399 | D:3      | Killed a scorpion
  1400 | D:3      | Reached skill level 1 in Spellcasting
  1400 | D:3      | Reached skill level 1 in Ice Magic
  1400 | D:3      | Reached XP level 5. HP: 34/34 MP: 6/6
  1413 | D:3      | Became a worshipper of Elyvilon the Healer
  1839 | D:4      | Found a blossoming altar of Fedhas.
  1945 | D:4      | Reached skill level 2 in Ice Magic
  2015 | D:4      | Reached XP level 6. HP: 41/41 MP: 8/8
  2017 | D:4      | Found a hide-covered altar of Uskayaw.
  2147 | D:4      | Noticed Duvessa
  2147 | D:4      | Noticed Dowan
  2167 | D:5      | Entered Level 5 of the Dungeon
  2167 | D:5      | Reached * piety under Elyvilon
  2213 | D:5      | Found a broken altar of Ashenzari.
  2316 | D:4      | Found a runed translucent gate.
  2317 | D:4      | Found a runed translucent gate.
  2328 | D:4      | Found a runed translucent gate.
  2328 | D:4      | Noticed porpoise's ghost (novice HOFi)
  2330 | D:4      | Noticed thug444's ghost (amateur DrAE)
  2330 | D:4      | Noticed diodin's ghost (novice NaIE)
  2330 | D:4      | Noticed pigah's ghost (novice OpAE)
  2350 | D:4      | Noticed a black bear
  2662 | D:5      | Found Vuguti's Jewellery Shoppe.
  2663 | D:5      | Reached ** piety under Elyvilon
  2697 | D:5      | Reached skill level 3 in Ice Magic
  2697 | D:5      | Reached XP level 7. HP: 28/46 MP: 10/10
  2917 | D:5      | Reached skill level 4 in Ice Magic
  3069 | D:5      | Reached skill level 5 in Fighting
  3090 | D:5      | Reached XP level 8. HP: 48/55 MP: 11/11
  3219 | D:6      | Found a burning altar of Makhleb.
  3315 | D:6      | Found a staircase to the Ecumenical Temple.
  3341 | D:6      | Reached skill level 5 in Ice Magic
  3347 | Temple   | Entered the Ecumenical Temple
  3468 | D:6      | Found a shimmering blue altar of Sif Muna.
  3657 | D:6      | Reached skill level 5 in Stealth
  3691 | D:7      | Found a hazy altar of Hepliaklqana.
  4045 | D:7      | Reached skill level 6 in Ice Magic
  4046 | D:7      | Reached *** piety under Elyvilon
  4136 | D:7      | Reached skill level 7 in Ice Magic
  4230 | D:7      | Reached skill level 1 in Unarmed Combat
  4230 | D:7      | Reached XP level 9. HP: 53/61 MP: 13/13
  4280 | D:7      | Found a stormy altar of Qazlal.
  4563 | D:7      | Found an opulent altar of Gozag.
  4664 | D:8      | Noticed a hornet
  4665 | D:8      | Identified the +11 spear "Guziann" {flame, rElec rC- Int+9}
  4678 | D:8      | Learned a level 2 spell: Blink
  4693 | D:8      | Reached skill level 1 in Invocations
  4853 | D:8      | Found a snail-covered altar of Cheibriados.
  4853 | D:8      | Found a radiant altar of Vehumet.
  4856 | D:8      | Fell from the grace of Elyvilon
  4856 | D:8      | Became a worshipper of Cheibriados the Contemplative
  4948 | D:8      | Found Zin's Purification Station.
  4950 | D:8      | Found a glowing silver altar of Zin.
  5042 | D:8      | Found a staircase to the Lair.
  5146 | D:9      | Noticed a troll
  5151 | D:9      | Identified the amulet of Darkness {Acrobat Int+3}
  5161 | D:8      | Killed a troll
  5162 | D:8      | Reached skill level 5 in Unarmed Combat
  5239 | D:8      | HP: 3/61 [acid dragon (1)]
  5240 | D:8      | Slain by a centaur

Illustrated notes

Levels and vault maps discovered:
D:1:      minmay_arrival_diagonal_passages, layout_basic
D:2:      layout_basic, minmay_worlds_worst_comb
D:3:      layout_basic, nicolae_overflow_crystal_walls,
          nicolae_wu_jian_immortal_techniques, elyvilon_altar_1
D:4:      layout_basic, fedhas_altar_4, eat_drink_and_be_merry_uskayaw,
          gammafunk_ghost_cemetery, kennysheep_generic_room_8, uniq_duvessa
D:5:      layout_gridville, ashenzari_altar_1, minmay_shop_grid_forest,
          hangedman_decor_diamond_cutter, amcnicky_mini_pool_small
D:6:      layout_loops_ring, mainiacjoe_overflow_paths,
          mainiacjoe_overflow_alcove_4, minmay_temple_entry_mist
D:7:      layout_loops_ring, mainiacjoe_overflow_alcove_1,
          grunt_qazlal_sundering, nicolae_hepliaklqana_hazy_memory
D:8:      layout_loops_ring, zin_purify, gammafunk_temple_overflow_elements,
          lair_entry_dummy
D:9:      layout_rooms, nicolae_ru_path_of_blood
Temple:   hellmonk_temple_rainy

Skill      XL: |  1  2  3  4  5  6  7  8  9 |
---------------+----------------------------+-----
Stealth        | 1 2 3 5 |  5.0
Fighting       | 1 2 3 5 |  5.1
Shields        | 3 4 |  4.1
Spellcasting   | 1 2 3 |  3.0
Ice Magic      | 1 2 3 4 7 |  7.0
Unarmed Combat | 1 5 |  5.1
Invocations    | 3 |  3.7
Maces & Flails | |  3.0
Staves         | |  4.0
Evocations     | |  1.1

Action                     |  1- 3 |  4- 6 |  7- 9 || total
---------------------------+-------+-------+-------++-------
  Melee: Mace              |    80 |    44 |    96 ||   220
         Tentacles         |    11 |     4 |    49 ||    64
         Constrict         |    15 |    10 |    33 ||    58
         Punch             |     1 |       |     5 ||     6
         Dagger            |       |       |    62 ||    62
         Spear             |       |       |    37 ||    37
  Throw: Dart              |       |    26 |    11 ||    37
   Cast: Ozocubu's Armour  |       |       |     4 ||     4
    Use: Scroll            |       |       |     5 ||     5
         Potion            |       |       |     2 ||     2
   Stab: Sleeping          |     8 |     6 |     8 ||    22
         Distracted        |       |     1 |       ||     1
 Armour: Skin              |    16 |     3 |     9 ||    28
  Dodge: Dodged            |    30 |    16 |   105 ||   151
  Block: Buckler           |    22 |     9 |    66 ||    97

Table legend: (Time is in decaauts)
 A = Elapsed time spent in this place.
 B = Non-inter-level travel time spent in this place.
 C = Inter-level travel time spent in this place.
 D = Time resting spent in this place.
 E = Time spent auto-exploring this place.
 F = Levels seen in this place.
 G = Mean time per level.
                   A        B        C        D        E       F      G
               +--------+--------+--------+--------+--------+-----+--------+
         Total |   5398 |   4860 |    538 |    152 |   1581 |  10 |  539.8 |
       Dungeon |   5380 |   4850 |    530 |    152 |   1581 |   9 |  597.8 |
        Temple |     17 |      9 |      8 |      0 |      0 |   1 |   17.0 |
               +--------+--------+--------+--------+--------+-----+--------+

Top non-repeatable levels by time:
     D:6: 795 daAuts
     D:3: 792 daAuts
     D:5: 782 daAuts
     D:7: 750 daAuts
     D:8: 660 daAuts
     D:4: 629 daAuts
     D:1: 514 daAuts
     D:2: 425 daAuts
     D:9: 29 daAuts
  Temple: 17 daAuts
